 Dungeon Crawl Stone Soup version 0.28-a0-43-g560ac104fe (webtiles) character file.

Game seed: 13418543204492323407

3334 bladeefan the Fighter (level 10, -5/102 HPs)
             Began as a Gargoyle Fighter on Apr 21, 2021.
             Was a Follower of Trog.
             Killed by divine providence
             ... invoked by an orc priest
              (12 damage)
             ... on level 10 of the Dungeon on Aug 5, 2021.
             The game lasted 00:20:34 (9468 turns).

bladeefan the Fighter (Gargoyle Fighter)            Turns: 9468, Time: 00:20:34

Health: -5/102     AC: 16    Str: 23    XL:     10   Next: 2%
Magic:  0/10       EV:  8    Int:  9    God:    Trog [*.....]
Gold:   37         SH: 11    Dex:  9    Spells: 9/9 levels left

rFire   + . .      SeeInvis .   a - +1 flail (freeze)
rCold   + + .      Faith    .   c - +0 kite shield
rNeg    + . .      Spirit   +   b - +1 scale mail
rPois   ∞          Reflect  .   (no helmet)
rElec   +          Harm     .   (no cloak)
rCorr   .          Rampage  .   (no gloves)
Will    .....                   (no boots)
Stlth   ..........              p - amulet of Daef Viru {Spirit *Slow rPois rF+ rC++}
HPRegen 0.27/turn               (no ring)
MPRegen 0.12/turn               (no ring)

@: mighty, berserking, very quick
A: sickness immunity, AC +7, negative energy resistance 1, electricity
resistance, torment resistance 1, petrification resistance
a: Renounce Religion, Berserk


You were on level 10 of the Dungeon.
You worshipped Trog.
Trog was aware of your devotion.
You visited 2 branches of the dungeon, and saw 11 of its levels.
You also visited: Sewer.

You collected 37 gold pieces.

Inventory:

Hand Weapons
 a - a +1 flail of freezing (weapon)
 k - the +3 short sword of Iconoclasm {flame, Str+3}
   (You found it on level 10 of the Dungeon)

   It burns those it strikes, dealing additional fire damage.
   Str:       It affects your strength (+3).
Missiles
 C - a throwing net {!f}
 G - 2 curare-tipped darts (quivered) {!f}
Armour
 b - a +1 scale mail (worn)
 c - a +0 kite shield (worn)
Jewellery
 e - a ring of ice
   (You found it on level 9 of the Dungeon)
 p - the amulet of Daef Viru (around neck) {Spirit *Slow rPois rF+ rC++}
   (You found it on level 4 of the Dungeon)

   [amulet of guardian spirit]

   It causes incoming damage to be divided between your reserves of health and
   magic.
   rF:        It protects you from fire.
   rC:        It greatly protects you from cold.
   rPois:     It protects you from poison.
   *Slow:     It may slow you when you take damage.
Wands
 d - a wand of iceblast (13)
   (You found it on level 6 of the Dungeon)
 u - a wand of paralysis (16)
   (You found it on level 2 of the Dungeon)
Scrolls
 h - 2 scrolls of enchant armour
 i - 2 scrolls of noise {!r}
 n - 2 scrolls of enchant weapon
 s - a scroll of magic mapping
 v - a scroll of identify {@r1}
 w - 3 scrolls of blinking {unknown}
 y - 2 scrolls of fog
 B - a scroll of vulnerability {!r}
 F - a scroll of immolation {unknown}
Potions
 f - 3 potions of brilliance {unknown}
 g - a potion of heal wounds {@q2}
 j - a potion of mutation {unknown}
 l - a potion of invisibility {unknown}
 m - a potion of attraction {!q}
 o - 2 potions of curing {@q1}
 q - a potion of degeneration {unknown}
 r - 4 potions of magic
 z - a potion of ambrosia {unknown}
 E - a potion of flight {unknown}


   Skills:
 * Level 10.1 Fighting
 + Level 6.4 Maces & Flails
 + Level 7.5 Armour
 + Level 7.5 Shields


You had 9 spell levels left.
You didn't know any spells.
Your spell library contained the following spells:

 Spells                   Type           Power      Damage    Failure   Level
 Corona                   Hex            0%         N/A       94%         1
 Ensorcelled Hibernation  Hex/Ice        0%         N/A       98%         2
 Confusing Touch          Hex            0%         N/A       100%        3
 Dazzling Flash           Conj/Hex       0%         N/A       100%        3
 Tukima's Dance           Hex            0%         N/A       100%        3


Dungeon Overview and Level Annotations

Branches:
Dungeon (10/15)            Temple (1/1) D:5             Orc (0/2) D:10
  Sewer (visited)
   Lair: D:8-11

Altars:
Ashenzari
Cheibriados
Dithmenos
Elyvilon
Fedhas
Gozag
Hepliaklqana
Kikubaaqudgha
Makhleb
Nemelex Xobeh
Okawaru
Qazlal
Ru
Sif Muna
Trog
Uskayaw
Vehumet
Wu Jian
Xom
Yredelemnul
Zin
The Shining One

Shops:
D:8 (

Annotations:
D:8 Maurice
D:10 Nergalle


Innate Abilities, Weirdness & Mutations

You are immune to sickness and miasma.
Your stone body is resilient. (AC +7)
You are immune to poison.
You resist negative energy. (rN+)
You are resistant to electric shocks. (rElec)
You are resistant to unholy torment.
You are immune to petrification.


Message History

The two-headed ogre hits you with a +0 giant spiked club!!
* * * LOW HITPOINT WARNING * * *
The orc warrior hits you with a +0 hand axe.
* * * LOW HITPOINT WARNING * * *
Something hits you but does no damage. You block the orc warrior's attack.
You see here a +0 club.
You hit the orc warrior. You freeze the orc warrior.
You block the orc's attack. Something hits you.
* * * LOW HITPOINT WARNING * * *
The orc warrior hits you but does no damage.
The orc completely misses you.
You bludgeon the orc warrior!! You freeze the orc warrior.
You kill the orc warrior!
Trog accepts your kill.
You can now go berserk at will.
You have reached level 10!
The orc priest casts a cantrip, but nothing happens.
A red film seems to cover your vision as you go berserk!
You feel yourself moving faster!
You feel mighty! You block the two-headed ogre's attack.
The two-headed ogre completely misses you.
You sock the two-headed ogre! You freeze the two-headed ogre.
You barely miss the two-headed ogre. You block the two-headed ogre's attack.
The two-headed ogre hits you with a +0 giant spiked club!
* * * LOW HITPOINT WARNING * * *
Something hits you but does no damage. The orc barely misses you.
You hit the two-headed ogre. You freeze the two-headed ogre.
The two-headed ogre hits you but does no damage.
You block the two-headed ogre's attack.
You hear some strange, mumbled words.
A magic dart appears from out of thin air!
The magic dart hits you.
* * * LOW HITPOINT WARNING * * *
The orc hits you but does no damage.
You hit the two-headed ogre. You freeze the two-headed ogre.
You block the orc priest's attack. You block something's attack.
You sock the two-headed ogre! You freeze the two-headed ogre.
You block the two-headed ogre's attack.
The two-headed ogre hits you with a +0 giant spiked club!
* * * LOW HITPOINT WARNING * * *
The orc hits you but does no damage.
You hear some strange, mumbled words.
A puff of flame appears from out of thin air!
You block the puff of flame.
You feel a strong urge to attack something.
The orc priest mumbles some strange prayers to Beogh against you.
Beogh smites you!
You die...

......................#......##..
......................'......##..
#...................#.......#.. .
#......###..####....##.....##..
.##......############'#########..
............ #..{)...#
...<........ #..o)...#
.##......... #..oO...# .
#......... #@......# #.).......
#.......# #......... #########
#......... ####'######. . #....#
# #....# #....# ###....#


You could see a two-headed ogre, an orc priest and an orc.

Vanquished Creatures
  Sigmund (D:4)
  A steam dragon (D:9)
  A warg (D:9)
  Menkaure (D:7)
  A water moccasin (D:5)
  2 orc warriors
  A black bear (D:5)
  A sky beast (D:7)
  2 centaurs
  A phantom (D:6)
  4 kobold brigands
  6 bullfrogs
  2 water moccasin skeletons (D:6)
  6 killer bees (D:8)
  2 jellies
  3 centaur zombies
  A hound (D:7)
  4 orc priests
  2 iguanas
  2 orc wizards
  Natasha (twice) (D:3)
  8 gnolls
  5 adders
  4 river rats (Sewer)
  A shadow imp (D:6)
  A white imp (D:6)
  2 adder skeletons
  A worm (D:3)
  14 orcs
  5 endoplasms
  7 giant cockroaches
  7 goblins
  3 hobgoblins
  4 jackals (D:3)
  26 kobolds
  8 quokkas
  19 ball pythons
  2 bats
  5 frilled lizards
  29 rats
197 creatures vanquished.

Vanquished Creatures (others)
  An orc wizard (D:7)
1 creature vanquished.

Grand Total: 198 creatures vanquished

Notes
Turn   | Place    | Note
-------+----------+-------------------------------------------
     0 | D:1      | bladeefan the Gargoyle Fighter began the quest for the Orb.
     0 | D:1      | Reached XP level 1. HP: 14/14 MP: 1/1
   322 | D:1      | Reached XP level 2. HP: 19/19 MP: 2/2
   417 | D:1      | You fall into a shaft and drop 1 floor!
  1053 | D:2      | Reached XP level 3. HP: 24/24 MP: 3/3
  1866 | D:3      | Reached skill level 4 in Fighting
  1897 | D:3      | Reached XP level 4. HP: 3/29 MP: 4/4
  2349 | D:3      | Noticed Natasha
  2358 | D:3      | Killed Natasha
  2491 | D:3      | Noticed Natasha
  2500 | D:3      | Killed Natasha
  2501 | D:3      | Reached XP level 5. HP: 9/34 MP: 5/5
  3055 | D:3      | Found a sparkling altar of Nemelex Xobeh.
  3359 | D:4      | Noticed Sigmund
  3378 | D:4      | Killed Sigmund
  3379 | D:4      | Reached skill level 5 in Fighting
  3379 | D:4      | Reached XP level 6. HP: 15/40 MP: 6/6
  3666 | D:4      | Identified the amulet of Daef Viru {Spirit *Slow rPois rF+
                  | rC++}
  3833 | D:4      | Found a glowing drain.
  3857 | Sewer    | Entered a sewer
  4300 | Sewer    | Reached XP level 7. HP: 45/45 MP: 7/7
  4365 | Sewer    | HP: 1/45 [bullfrog (3)]
  4403 | Sewer    | Reached skill level 6 in Fighting
  4614 | D:4      | Reached skill level 5 in Armour
  4614 | D:4      | Reached skill level 5 in Shields
  4929 | D:5      | Entered Level 5 of the Dungeon
  5029 | D:5      | Found a staircase to the Ecumenical Temple.
  5054 | Temple   | Entered the Ecumenical Temple
  5298 | D:5      | Reached XP level 8. HP: 40/52 MP: 8/8
  5444 | D:5      | Reached skill level 7 in Fighting
  5574 | D:5      | Found a broken altar of Ashenzari.
  6119 | D:6      | Found a blossoming altar of Fedhas.
  6119 | D:6      | Found a hazy altar of Hepliaklqana.
  6209 | D:6      | HP: 1/54 [orc warrior/+0 halberd (4)]
  6227 | D:6      | Reached skill level 8 in Fighting
  6227 | D:6      | Reached skill level 5 in Maces & Flails
  6622 | D:6      | Reached XP level 9. HP: 52/60 MP: 6/9
  7179 | D:7      | Noticed Menkaure
  7187 | D:7      | Killed Menkaure
  7188 | D:7      | Reached skill level 9 in Fighting
  7188 | D:7      | Upgraded the game from 0.27-a0-1060-gcb85b5eba1 to
                  | 0.27-a0-1081-ge8a0a9c698
  7540 | Temple   | Became a worshipper of Trog the Wrathful
  7676 | D:7      | You fall into a shaft and drop 1 floor!
  7723 | D:8      | Found an iron altar of Okawaru.
  7736 | D:8      | Noticed Maurice
  7737 | D:8      | Found a sacrificial altar of Ru.
  7889 | D:8      | Upgraded the game from 0.27-a0-1081-ge8a0a9c698 to
                  | 0.28-a0-43-g560ac104fe
  7915 | D:8      | Found Bageare's Antique Weapon Emporium.
  8800 | D:10     | Entered Level 10 of the Dungeon
  9053 | D:10     | Identified the +3 short sword of Iconoclasm {flame, Str+3}
  9182 | D:10     | Noticed a two-headed ogre
  9222 | D:9      | Reached skill level 10 in Fighting
  9413 | D:10     | Found a staircase to the Orcish Mines.
  9426 | D:10     | Noticed Nergalle
  9459 | D:10     | Reached * piety under Trog
  9460 | D:10     | Reached XP level 10. HP: 15/68 MP: 3/10
  9468 | D:10     | Killed from afar by an orc priest

Illustrated notes

Levels and vault maps discovered:
D:1:      lemuel_arrival_behind_the_door_large, layout_rooms
D:2:      minmay_general_purpose_star, layout_basic
D:3:      layout_loops_corners, nemelex_diamond_rough_becter, moated_statue,
          kennysheep_generic_room_4, uniq_natasha
D:4:      layout_basic, serial_forest, infiniplex_forest_lined_3,
          infiniplex_forest_end_2, infiniplex_forest_clump_medium,
          infiniplex_forest_end_2, infiniplex_forest_clump_medium,
          infiniplex_forest_lined_2, gup_sewer_entry_pipe, uniq_sigmund
D:5:      layout_basic, nicolae_ashenzari_skybound,
          minmay_temple_entry_proselytizer
D:6:      layout_loops_ring, gammafunk_temple_overflow_wave
D:7:      layout_basic, minmay_small_thing, uniq_menkaure
D:8:      layout_basic, grunt_temple_overflow_open, serial_shops,
          nicolae_shop_crystal, blue_anna_alchemist, uniq_maurice
D:9:      layout_roguey, serial_shops, shop
D:10:     layout_gridville, erik_orc_3, david_defended_altar_orc, uniq_nergalle
Temple:   eino_temple_rhombus

Skill      XL: |  1  2  3  4  5  6  7  8  9 |
---------------+----------------------------+-----
Fighting       | 4 5 6 8 10 | 10.1
Armour         | 4 5 6 7 |  7.5
Shields        | 4 5 6 7 |  7.5
Maces & Flails | 3 4 5 6 |  6.4

Action                   |  1- 3 |  4- 6 |  7- 9 | 10-12 || total
-------------------------+-------+-------+-------+-------++-------
Melee: Flail             |   113 |   269 |   477 |     5 ||   864
Invok: Berserk           |       |       |       |     1 ||     1
  Use: Scroll            |     4 |     3 |    11 |       ||    18
       Potion            |     1 |       |    11 |       ||    12
Armor: Scale mail        |    78 |   211 |   496 |     4 ||   789
Dodge: Dodged            |    27 |   115 |   265 |     2 ||   409
Block: Kite shield       |    54 |   208 |   407 |     7 ||   676

Table legend: (Time is in decaauts)
 A = Elapsed time spent in this place.
 B = Non-inter-level travel time spent in this place.
 C = Inter-level travel time spent in this place.
 D = Time resting spent in this place.
 E = Time spent auto-exploring this place.
 F = Levels seen in this place.
 G = Mean time per level.
                   A        B        C        D        E       F      G
               +--------+--------+--------+--------+--------+-----+--------+
         Total |   9870 |   9505 |    365 |   1382 |   5776 |  12 |  822.5 |
       Dungeon |   8858 |   8504 |    354 |   1382 |   5316 |  10 |  885.8 |
        Temple |    179 |    168 |     11 |      0 |     17 |   1 |  179.0 |
         Sewer |    832 |    832 |      0 |      0 |    443 |   1 |  832.0 |
               +--------+--------+--------+--------+--------+-----+--------+

Top non-repeatable levels by time:
     D:2: 1423 daAuts
     D:3: 1406 daAuts
     D:6: 1088 daAuts
     D:8: 961 daAuts
     D:4: 919 daAuts
     D:5: 906 daAuts
   Sewer: 832 daAuts
     D:7: 643 daAuts
     D:1: 614 daAuts
    D:10: 601 daAuts
     D:9: 293 daAuts
  Temple: 179 daAuts
